 Dungeon Crawl Stone Soup version 0.31-a0-1570-g93c622d222 (webtiles) character file.

Game seed: 12719953751972108279

585 TheScarfBastard the Chopper (level 7, -1/91 HPs)
             Began as a Hill Orc Berserker on Jan 4, 2024.
             Was a Priest of Trog.
             Succumbed to a water moccasin's poison
             ... on level 7 of the Dungeon.
             The game lasted 00:08:45 (2690 turns).

TheScarfBastard the Chopper (Hill Orc Berserker)    Turns: 2690, Time: 00:08:46

Health: -1/91      AC:  2    Str: 22    XL:     7   Next: 37%
Magic:  7/7        EV: 12    Int:  7    God:    Trog [***...]
Gold:   174        SH:  0    Dex: 10    Spells: 6/6 levels left

rFire   . . .        a - +0 hand axe
rCold   . . .        (no shield)
rNeg    + . .        j - +0 leather armour
rPois   .            i - +1 helmet
rElec   .            (no cloak)
rCorr   .            d - +0 pair of gloves
SInv    .            (no boots)
Will    ++...        e - amulet of the acrobat Stlth
                     g - ring of positive energy
HPRegen 1.35/turn    l - +4 ring of protection
MPRegen 0.10/turn

%: acrobat
@: berserking, lethally poisoned (-1 -> -6), strong-willed, corroded,
regenerating, very quick
A: no striking features
a: Renounce Religion, Berserk, Trog's Hand


You were on level 7 of the Dungeon.
You worshipped Trog.
Trog was most pleased with you.
You visited 1 branch of the dungeon, and saw 5 of its levels.

You collected 174 gold pieces.

Inventory:

Hand Weapons
 a - a +0 hand axe (weapon)
 k - a +2 vampiric scythe
Armour
 b - a +0 animal skin
 d - a +0 pair of gloves (worn)
 i - a +1 helmet (worn)
 j - a +0 leather armour (worn)
Jewellery
 e - an amulet of the acrobat (around neck)
 g - a ring of positive energy (left hand)
 l - a +4 ring of protection (right hand)
Potions
 c - a potion of cancellation {unknown}


   Skills:
 + Level 5.5 Fighting
 + Level 7.9 Axes
 + Level 2.9 Armour
 + Level 3.3 Dodging
 + Level 1.2 Stealth


You had 6 spell levels left.
You didn't know any spells.
Your spell library was empty.

Dungeon Overview and Level Annotations

Branches:
Dungeon (4/15)             Temple (0/1) D:7

Altars:
Yredelemnul
The Shining One


Message History

* * * LOW HITPOINT WARNING * * *
You aren't carrying any scrolls.
It was a potion of curing.
You feel better. The water moccasin closely misses you.
The jelly hits you but does no damage.
Your skin crawls.
You feel strong-willed. The water moccasin bites you!
* * * LOW HITPOINT WARNING * * *
You are poisoned.
The water moccasin poisons you! The jelly completely misses you.
The water moccasin barely misses you.
A red film seems to cover your vision as you go berserk!
You feel yourself moving faster!
You feel mighty!
You feel very sick. The jelly hits you but does no damage.
The water moccasin barely misses you.
You slash the jelly!
You kill the jelly!
Trog accepts your kill.
You barely miss the water moccasin.
You feel sick. The water moccasin misses you.
You feel sick.
The water moccasin attacks as it pursues you!
The water moccasin bites you!
* * * LOW HITPOINT WARNING * * *
You see here 4 atropa-tipped darts.
You closely miss the water moccasin.
The water moccasin is lightly wounded.
You feel sick. The water moccasin barely misses you.
You barely miss the water moccasin.
The water moccasin is lightly wounded.
You feel sick. The water moccasin misses you.
You miss the water moccasin.
The water moccasin is lightly wounded.
You feel sick. The water moccasin bites you.
* * * LOW HITPOINT WARNING * * *
You are more poisoned.
The water moccasin poisons you!
You slash the water moccasin!
The water moccasin is heavily wounded.
You die...

................###J..#
###..#.##..#..#........
# #.##..##....⌠..>..
#.....###.........
#.###..##..###...# ...
##.##....#.⌠.# ....
#...#...#...# . ..
####..........
.#.....@...:.#.
.......S...#...
#..............
##.##..........
......$.$......
........!......
...............
...............
...!...###.....


You could see a water moccasin.

Vanquished Creatures
  Sigmund (D:2)
  2 water moccasin zombies (D:3)
  An orc priest (D:2)
  2 jellies (D:7)
  Jessica (D:2)
  2 orc wizards (D:3)
  Robin (D:2)
  4 adders
  2 ribbon worms
  8 orcs
  4 endoplasms
  3 giant cockroaches
  13 goblins
  11 hobgoblins
  5 jackals
  A quokka (D:1)
  6 ball pythons
  9 bats
  4 frilled lizards
  A giant cockroach zombie (D:3)
  A jackal zombie (D:3)
  4 kobolds
  6 rats
92 creatures vanquished.

Notes
Turn   | Place    | Note
-------+----------+-------------------------------------------
     0 | D:1      | TheScarfBastard the Hill Orc Berserker began the quest for
                  | the Orb.
     0 | D:1      | Reached XP level 1. HP: 19/19 MP: 1/1
    47 | D:1      | HP: 1/30 [hobgoblin (3)]
    49 | D:1      | Reached XP level 2. HP: 2/27 MP: 2/2
   490 | D:1      | Reached XP level 3. HP: 32/33 MP: 3/3
   785 | D:2      | Noticed Robin
   793 | D:2      | Reached skill level 5 in Axes
   800 | D:2      | Killed Robin
   803 | D:2      | Reached ** piety under Trog
   808 | D:2      | Reached XP level 4. HP: 30/40 MP: 4/4
  1047 | D:2      | Noticed Sigmund
  1071 | D:2      | Killed Sigmund
  1072 | D:2      | Reached skill level 5 in Fighting
  1072 | D:2      | Reached skill level 6 in Axes
  1072 | D:2      | Reached XP level 5. HP: 35/48 MP: 5/5
  1072 | D:2      | Reached XP level 6. HP: 41/56 MP: 6/6
  1334 | D:2      | Noticed Jessica
  1341 | D:2      | Killed Jessica
  1355 | D:2      | Identified a scroll of acquirement
  1355 | D:2      | Acquired an amulet of the acrobat
  1643 | D:3      | Reached skill level 7 in Axes
  1681 | D:3      | Reached skill level 1 in Stealth
  1924 | D:3      | Found a glowing golden altar of the Shining One.
  2112 | D:3      | Reached XP level 7. HP: 44/61 MP: 7/7
  2173 | D:3      | Found a basalt altar of Yredelemnul.
  2191 | D:3      | Reached *** piety under Trog
  2621 | D:4      | You fall into a shaft and drop 3 floors!
  2638 | D:7      | Found a staircase to the Ecumenical Temple.
  2686 | D:7      | HP: 4/91 [water moccasin (7)]
  2689 | D:7      | HP: 1/91 [water moccasin (3)]
  2690 | D:7      | Succumbed to a water moccasin's poison

Illustrated notes

Levels and vault maps discovered:
D:1:      minmay_arrival_shoal_huts, layout_rooms, minivault_5,
          hangedman_decor_growths
D:2:      layout_rooms, uniq_sigmund, uniq_robin, uniq_jessica
D:3:      layout_rooms, nicolae_yredelemnul_corpse_copse,
          nicolae_tso_carved_into_rock, dk_noncrumbling_4,
          wander_ebering_terrifying_dragon_lair
D:4:      gammafunk_cloud_chamber, layout_layer_cave, nicolae_shop_clearance
D:7:      layout_rooms, minmay_temple_entry_junction_2, blue_anna_alchemist,
          minmay_misc_feat_rugged

Skill      XL: |  1  2  3  4  5  6 |
---------------+-------------------+-----
Fighting       | 4 5 |  5.5
Axes           | 5 6 7 |  7.9
Dodging        | 2 3 |  3.3
Stealth        | 1 |  1.2
Armour         | |  2.9

Action                     |  1- 3 |  4- 6 |  7- 9 || total
---------------------------+-------+-------+-------++-------
  Melee: Hand axe          |    89 |   120 |    65 ||   274
         Punch             |       |     3 |     1 ||     4
 Invoke: Berserk           |     2 |     4 |     1 ||     7
         Trog's Hand       |       |       |     1 ||     1
    Use: Scroll            |       |     6 |       ||     6
         Potion            |       |       |     1 ||     1
 Armour: Animal skin       |    85 |     8 |       ||    93
         Leather armour    |       |    89 |    27 ||   116
  Dodge: Dodged            |   104 |   144 |    51 ||   299

Table legend: (Time is in decaauts)
 A = Elapsed time spent in this place.
 B = Non-inter-level travel time spent in this place.
 C = Inter-level travel time spent in this place.
 D = Time resting spent in this place.
 E = Time spent auto-exploring this place.
 F = Levels seen in this place.
 G = Mean time per level.
                   A        B        C        D        E       F      G
               +--------+--------+--------+--------+--------+-----+--------+
         Total |   2761 |   2718 |     43 |      0 |   1691 |   5 |  552.2 |
       Dungeon |   2761 |   2718 |     43 |      0 |   1691 |   5 |  552.2 |
               +--------+--------+--------+--------+--------+-----+--------+

Top non-repeatable levels by time:
     D:2: 892 daAuts
     D:3: 828 daAuts
     D:1: 821 daAuts
     D:4: 153 daAuts
     D:7: 65 daAuts
